 Dungeon Crawl Stone Soup version 0.25-a0-766-g0ecfff5982 (webtiles) character file.

Game seed: 5449656077309624000, levelgen mode: deterministic

402 Error4North the Chopper (level 6, 0/56 HPs)
             Began as a Hill Orc Fighter on Apr 13, 2020.
             Succumbed to a worker ant's poison
             ... on level 3 of the Dungeon.
             The game lasted 00:07:53 (3242 turns).

Error4North the Chopper (Hill Orc Fighter)          Turns: 3242, Time: 00:07:54

Health: 0/56       AC:  9    Str: 18 (21) XL:     6   Next: 85%
Magic:  6/6        EV:  7    Int:  6 (8)  God:
Gold:   147        SH:  9    Dex:  9 (10) Spells: 5/5 levels left

rFire    . . .     SeeInvis .   a - +0 war axe
rCold    . . .     Gourm    .   c - +0 kite shield
rNeg     . . .     Faith    .   b - +0 scale mail
rPois    .         Spirit   .   (no helmet)
rElec    .         Reflect  .   (no cloak)
rCorr    .         Harm     .   h - +1 pair of gloves
MR       .....                  (no boots)
Stlth    ..........             (no amulet)
HPRegen  0.18/turn              (no ring)
MPRegen  0.10/turn              (no ring)

@: mighty, lethally poisoned (0 -> -3)
A: no striking features
a: no special abilities


You were on level 3 of the Dungeon.
You were hungry.

You visited 1 branch of the dungeon, and saw 4 of its levels.

You collected 147 gold pieces.

Inventory:

Hand Weapons
 a - a +0 war axe (weapon)
Missiles
 k - 4 boomerangs (quivered)
Armour
 b - a +0 scale mail (worn)
 c - a +0 kite shield (worn)
 h - a +1 pair of gloves (worn)
Scrolls
 e - 3 scrolls of identify {unknown}
 g - a scroll of fog {unknown}
 i - a scroll of fear {unknown}
 j - a scroll of noise {unknown}
 n - a scroll of random uselessness {unknown}
 p - 3 scrolls of remove curse {unknown}
 q - a scroll of teleportation {unknown}
Potions
 l - 3 potions of haste
Comestibles
 d - 2 chunks of flesh
 f - 5 rations


   Skills:
 * Level 5.1 Fighting
 + Level 5.3 Axes
 * Level 4.9 Armour
 + Level 0.5 Dodging
 * Level 5.0 Shields


You had 5 spell levels left.
You didn't know any spells.
Your spell library was empty.

Dungeon Overview and Level Annotations

Branches:
Dungeon (4/15)
 Temple: D:4-7

Altars:
Kikubaaqudgha
Nemelex Xobeh


Message History

You feel sick.
You see here 2 chunks of flesh.
d - 2 chunks of flesh
* * * LOW HITPOINT WARNING * * *
You feel sick.
A goblin and a hobgoblin come into view.
The hobgoblin shouts!
The goblin shouts!
You hear a shout! x4
A hobgoblin comes into view.
* * * LOW HITPOINT WARNING * * *
You feel sick.
* * * LOW HITPOINT WARNING * * *
You feel sick.
* * * LOW HITPOINT WARNING * * *
You feel sick.
There is a stone staircase leading up here.
* * * LOW HITPOINT WARNING * * *
You feel sick.
You climb upwards.
There is a stone staircase leading down here.
You die...

..##......#..##.######'#..### #.#
.###......#..##.#......#..#####.#
..........#...#.#.######.....<#.#
..........................#####.#
............#.............# #.#
...............(..........# #.#
###......#................# #.#
#.#.##...#................# #.#
#..............>@.........#####.#
#.#.##........<.................#
......##..................#######
......##......#...###.....###
..................##........#
#.#.....#.####....##.....##.#
#.#.#...#.####....##.....##.#
..#(........##....##.....##.#
............................#


There were no monsters in sight!

Vanquished Creatures
  A hornet zombie (D:4)
  A scorpion (D:4)
  Ijyb (D:3)
  An iguana (D:4)
  A worker ant (D:4)
  3 gnolls
  7 adders
  2 oozes (D:1)
  An adder zombie (D:2)
  An adder skeleton (D:3)
  4 worms
  A dart slug (D:2)
  2 leopard geckos (D:2)
  2 bat zombies (D:2)
  5 giant cockroaches
  8 hobgoblins
  2 jackals (D:3)
  A quokka (D:2)
  3 ball pythons (D:2)
  3 bats
  4 frilled lizards (D:2)
  9 goblins
  4 kobolds
  6 rats
  A rat zombie (D:2)
74 creatures vanquished.

Notes
Turn   | Place    | Note
-------+----------+-------------------------------------------
     0 | D:1      | Error4North the Hill Orc Fighter began the quest for the
                  | Orb.
     0 | D:1      | Reached XP level 1. HP: 19/19 MP: 1/1
   199 | D:1      | Reached XP level 2. HP: 25/27 MP: 2/2
   317 | D:1      | Reached XP level 3. HP: 8/33 MP: 3/3
   598 | D:1      | Found a sparkling altar of Nemelex Xobeh.
  1215 | D:2      | Reached XP level 4. HP: 33/41 MP: 4/4
  1986 | D:2      | Reached XP level 5. HP: 47/47 MP: 5/5
  1989 | D:2      | Found an ancient bone altar of Kikubaaqudgha.
  2075 | D:3      | Noticed Ijyb
  2631 | D:3      | Paralysed by Ijyb for 2 turns
  2643 | D:3      | Killed Ijyb
  2959 | D:4      | Reached skill level 5 in Axes
  2959 | D:4      | Reached XP level 6. HP: 10/55 MP: 6/6
  3227 | D:4      | Reached skill level 5 in Fighting
  3227 | D:4      | Reached skill level 5 in Shields
  3236 | D:4      | HP: 2/56 [poisoned by a worker ant]
  3242 | D:3      | Succumbed to a worker ant's poison

Levels and vault maps discovered:
D:1:      lightli_arrival_farm, layout_basic, chequers_serial_rivers_small_3,
          nemelex_xobeh_ov_fountains_minmay
D:2:      layout_basic, lemuel_zombie_altar_kikubaaqudgha, first_ration,
          minmay_split_cup_large
D:3:      layout_basic, uniq_ijyb
D:4:      layout_rooms, kennysheep_little_box, serial_shops, nicolae_shop_stone,
          chequers_mini_garden, minmay_misc_feat_room, uniq_robin

Skill      XL: |  1  2  3  4  5  6 |
---------------+-------------------+-----
Fighting       | 4 5 |  5.1
Axes           | 3 5 |  5.3
Shields        | 4 5 |  5.0
Armour         | 4 |  4.9
Dodging        | |  0.5

Action                   |  1- 3 |  4- 6 || total
-------------------------+-------+-------++-------
Melee: War axe           |    91 |   173 ||   264
Throw: Boomerang         |     3 |       ||     3
  Use: Potion            |       |     5 ||     5
  Eat: Chunk             |     1 |     6 ||     7
Armor: Scale mail        |    40 |    98 ||   138
Dodge: Dodged            |    34 |    69 ||   103
Block: Kite shield       |    51 |   103 ||   154

Table legend:
 A = Non-vault XP
 B = Vault XP
 C = Vault XP percentage of total XP
 D = Non-vault monster count
 E = Vault monster count
 F = Vault count percentage of total count
                 A         B        C        D         E       F
            +---------+---------+-------+---------+---------+-------
      Total |     523 |      52 |   9.0 |      66 |       8 |  10.8
            +---------+---------+-------+---------+---------+-------
        D:1 |      34 |       0 |   0.0 |      14 |       0 |   0.0
        D:2 |     131 |      14 |   9.7 |      30 |       7 |  18.9
        D:3 |      86 |      38 |  30.6 |      18 |       1 |   5.3
        D:4 |     272 |       0 |   0.0 |       4 |       0 |   0.0
            +---------+---------+-------+---------+---------+-------
